 Dungeon Crawl Stone Soup version 0.24.0-123-gd5b16e6ec5 (webtiles) character file.

Game seed: 693011694179694194, levelgen mode: deterministic

133 Bergy the Cudgeler (level 5, -7/32 HPs)
             Began as a Gargoyle Fighter on Jan 4, 2020.
             Splashed by Ijyb's acid (11 damage)
             ... on level 3 of the Dungeon.
             The game lasted 00:05:26 (2334 turns).

Bergy the Cudgeler (Gargoyle Fighter)               Turns: 2334, Time: 00:05:27

Health: -7/32      AC:  4    Str: 21    XL:     5   Next: 16%
Magic:  5/5        EV:  7    Int: 13    God:
Gold:   90         SH:  9    Dex:  9    Spells: 4/4 levels left

rFire    . . .     SeeInvis .   a - +0 flail
rCold    . . .     Gourm    .   c - +0 shield
rNeg     + . .     Faith    .   b - +0 scale mail
rPois    ∞         Spirit   .   p - +0 helmet
rElec    +         Reflect  .   (no cloak)
rCorr    .         Harm     .   (no gloves)
MR       .....                  (no boots)
Stlth    ..........             (no amulet)
HPRegen  0.10/turn              (no ring)
MPRegen  0.09/turn              (no ring)

@: brilliant, corroded
A: negative energy resistance 1, electricity resistance, unbreathing,
petrification resistance, rot immunity, AC +4
a: no special abilities


You were on level 3 of the Dungeon.
You were not hungry.

You visited 1 branch of the dungeon, and saw 3 of its levels.

You collected 90 gold pieces.

Inventory:

Hand Weapons
 a - a +0 flail (weapon)
Armour
 b - a +0 scale mail (worn)
 c - a +0 shield (worn)
 p - a +0 helmet (worn)
Scrolls
 e - 4 scrolls of remove curse {unknown}
 h - 3 scrolls of identify {unknown}
 k - a scroll of random uselessness {unknown}
Potions
 d - a potion of might
 g - a potion of flight {unknown}
 l - a potion of agility {unknown}
 m - a potion of brilliance
 n - a potion of berserk rage {unknown}
 o - a potion of magic {unknown}
Comestibles
 f - 11 rations


   Skills:
 - Level 3.2 Fighting
 * Level 5.2 Maces & Flails
 - Level 3.2 Armour
 - Level 3.2 Shields


You had 4 spell levels left.
You didn't know any spells.
Your spell library was empty.

Dungeon Overview and Level Annotations

Branches:
Dungeon (3/15)

Altars:

Annotations:
D:3 Ijyb


Innate Abilities, Weirdness & Mutations

You are resistant to torment.
Your stone body is resilient. (AC +4)
You are immune to poison.
You resist negative energy. (rN+)
You are resistant to electric shocks. (rElec)
You can survive without breathing.
You are immune to petrification.
You are immune to rotting.


Message History

a +0 dagger; a +0 robe
Items here: ( ))) [ a cursed -1 mace; a +0 leather armour; a +0 falchion; 3 boomerangs; a +0 club You closely miss Ijyb.
Ijyb hits you but does no damage.
Your shield prevents you from hitting Ijyb.
Ijyb hits you but does no damage.
You sock Ijyb!
Ijyb is moderately wounded.
Ijyb zaps a wand.
The bolt of acid hits you! The acid corrodes you!
You are splashed with acid!
You sock Ijyb!
Ijyb is severely wounded.
Ijyb screams, "No!
No, no, no, no!"
Ijyb closely misses you.
You closely miss Ijyb.
Ijyb is severely wounded.
Ijyb zaps a wand.
The bolt of acid hits you!
* * * LOW HITPOINT WARNING * * *
The acid corrodes you!
You are splashed with acid!
You die...

....##.# #.#
.....#.# #.#
...#.# #.# #...#
#.# #...###.#
#.......#
##..#####
###..#######.##
#...g@.........
+.......#...[##
#.....#)#.#######
#.....#)#.....#<#
#.....#.#.....#.#
#######.......'.#
#######.....###
#...........#
..######....#


You could see Ijyb.

Vanquished Creatures
  An orc wizard (D:3)
  Robin (D:3)
  2 adders (D:2)
  A worm (D:2)
  A dart slug (D:2)
  3 leopard geckos
  4 orcs (D:3)
  4 bats
  A giant cockroach (D:2)
  13 goblins
  9 hobgoblins
  7 jackals (D:1)
  3 kobolds
  3 ball pythons
  2 frilled lizards (D:1)
  5 rats
60 creatures vanquished.

Notes
Turn   | Place    | Note
-------+----------+-------------------------------------------
     0 | D:1      | Bergy the Gargoyle Fighter began the quest for the Orb.
     0 | D:1      | Reached XP level 1. HP: 14/14 MP: 1/1
   262 | D:1      | Reached XP level 2. HP: 19/19 MP: 2/2
   349 | D:1      | Reached skill level 3 in Maces & Flails
   529 | D:1      | Reached XP level 3. HP: 22/23 MP: 3/3
  1220 | D:2      | Reached skill level 4 in Maces & Flails
  1368 | D:2      | Reached XP level 4. HP: 28/28 MP: 4/4
  2128 | D:3      | Noticed Robin
  2136 | D:3      | Reached skill level 5 in Maces & Flails
  2137 | D:3      | Reached XP level 5. HP: 32/32 MP: 5/5
  2157 | D:3      | Killed Robin
  2283 | D:3      | Noticed Ijyb
  2334 | D:3      | Splashed by Ijyb's acid

Levels and vault maps discovered:
D:1:      dpeg_arrival_long_road, layout_basic, minmay_distorted
D:2:      layout_loops_ring, first_ration
D:3:      layout_basic, uniq_robin, uniq_ijyb

Skill      XL: |  1  2  3  4 |
---------------+-------------+-----
Maces & Flails | 3 4 5 |  5.2
Fighting       | |  3.2
Armour         | |  3.2
Shields        | |  3.2

Action                   |  1- 3 |  4- 6 || total
-------------------------+-------+-------++-------
Melee: Flail             |   153 |    86 ||   239
  Use: Potion            |       |     2 ||     2
       Scroll            |       |     1 ||     1
  Eat: Chunk             |     2 |       ||     2
       Ration            |       |     1 ||     1
Armor: Scale mail        |   106 |    36 ||   142
Dodge: Dodged            |    62 |    27 ||    89
Block: Shield            |    84 |    42 ||   126
